 Dungeon Crawl Stone Soup version 0.22-a0-779-g6f83d72c62 (webtiles) character file.

2317 Htamos the Slinger (level 9, -6/59 HPs)
             Began as a Halfling Hunter on July 19, 2018.
             Mangled by an orc wizard
             ... wielding a +0 trident
              (10 damage)
             ... on level 7 of the Dungeon.
             The game lasted 00:20:27 (7827 turns).

Htamos the Slinger (Halfling Hunter)                Turns: 7827, Time: 00:20:28

Health: -6/59      AC:  3    Str: 10    XL:     9   Next: 69%
Magic:  9/9        EV: 15    Int: 14    God:
Gold:   298        SH:  0    Dex: 18    Spells: 8/8 levels left

rFire    . . .     SeeInvis .   v - +3 whip of the Purse {flame, rN+ Str-3 Int+5}
rCold    . . .     Gourm    .   (shield restricted)
rNeg     + . .     Faith    .   c - +0 leather armour
rPois    .         Spirit   .   (no helmet)
rElec    .         Reflect  .   (no cloak)
rCorr    .         Harm     .   (no gloves)
MR       .....                  (no boots)
Stlth    ++++......             (no amulet)
HPRegen  0.19/turn              u - ring of stealth
MPRegen  0.11/turn              (no ring)

@: no status effects
A: small, mutation resistance 1
a: no special abilities


You were on level 7 of the Dungeon.
You were near starving.

You visited 1 branch of the dungeon, and saw 7 of its levels.

You collected 298 gold pieces.

Inventory:

Hand Weapons
 a - a +2 hunting sling
 b - a +0 short sword
 v - the +3 whip of the Purse (weapon) {flame, rN+ Str-3 Int+5}
   (You found it on level 4 of the Dungeon)

   It has been specially enchanted to burn those struck by it, causing extra
   injury to most foes and up to half again as much damage against particularly
   susceptible opponents.
   It affects your strength (-3).
   It affects your intelligence (+5).
   It protects you from negative energy.
Missiles
 e - 3 sling bullets
 g - 151 stones (quivered)
 p - 6 curare-tipped needles
 s - 7 poisoned needles
Armour
 c - a +0 leather armour (worn)
 h - a +0 plate armour
 t - a +0 buckler
Jewellery
 r - a cursed ring of loudness
 u - a ring of stealth (left hand)
 w - an uncursed amulet of harm {unknown}
 y - an uncursed ring of wizardry {unknown}
Wands
 m - a wand of random effects (67)
 x - a wand of flame (22)
Scrolls
 i - 3 scrolls of remove curse
 j - 5 scrolls of teleportation
 k - 2 scrolls of random uselessness
 l - a scroll of magic mapping
 z - a scroll of fear {unknown}
 C - 2 scrolls of identify
 F - 3 scrolls of fog {unknown}
 G - a scroll of vulnerability {unknown}
 H - a scroll of acquirement {unknown}
Potions
 A - a potion of might {unknown}
 B - a potion of degeneration {unknown}
 D - a potion of cancellation {unknown}
Comestibles
 f - 11 rations


   Skills:
 + Level 4.5 Fighting
 * Level 14.5 Slings
 - Level 2.3 Dodging
 - Level 6.3 Stealth


You had 8 spell levels left.
You didn't know any spells.
Your spell library contained the following spells:

 Spells                   Type           Power        Failure   Level  Hunger
 Apportation              Tloc           #.....       36%         1    ##.....
 Venom Bolt               Conj/Pois      #.........   100%        5    ######.
 Summon Small Mammal      Summ           #...         36%         1    ##.....
 Animate Skeleton         Necr           N/A          36%         1    ##.....
 Sting                    Conj/Pois      #...         36%         1    ##.....
 Stone Arrow              Conj/Erth      #.....       75%         3    ####...
 Confusing Touch          Hex            #.....       36%         1    ##.....
 Alistair's Intoxication  Tmut/Pois      #.......     100%        5    ######.
 Sandblast                Erth           #.....       36%         1    ##.....
 Borgnjor's Vile Clutch   Necr/Erth      #.........   100%        5    ######.


Dungeon Overview and Level Annotations

Branches:
Dungeon (7/15)
 Temple: D:4-7

Altars:
Ashenzari
Cheibriados
Gozag
Qazlal
Sif Muna
Trog
Vehumet
Xom
Zin


Innate Abilities, Weirdness & Mutations

You are small and have problems with some larger weapons.
You are somewhat resistant to further mutation.


Message History

Something hits you but does no damage. Something hits you but does no damage.
You feel less wooden.
Your +0 leather armour unmelds from your body.
Something hits you.
* * * LOW HITPOINT WARNING * * *
An orc wizard appears from thin air!
Reactivating autopickup.
The orc wizard hits you from afar with a trident.
* * * LOW HITPOINT WARNING * * *
The orc wizard mumbles some strange words.
The orc wizard flickers and vanishes!
Deactivating autopickup; reactivate with Ctrl-A.
Things that are here:
a stone; a water moccasin corpse You hit something.
You burn something. Something hits you but does no damage.
You miss something. Something hits you.
* * * LOW HITPOINT WARNING * * *
It was a potion of mutation.
You feel extremely strange. Something hits you!
You die...

.....# ##..#.#.. .....
...#.#.# .... # #..#.#.#
... ## #..#.#.# ### ..
#######......# .... #.
..((.........#
.##..#(##.#.###.....>#
........((#..........#
........@.######..##(####
#......{..#####..........
###...(.(..(............#
...###.................#
..## #........(........#
# #........<........#
#...###..(........# #...#
#..(........# #####
#..(........#


There were no monsters in sight!

Vanquished Creatures
  The ghost of Bapho the Changer, an amateur OgTm (D:3)
  A water moccasin (D:7)
  2 black bears (D:6)
  A phantom (D:4)
  3 sky beasts
  A centaur (D:6)
  A bullfrog (D:6)
  A wyvern skeleton (D:7)
  A jelly (D:6)
  A howler monkey (D:5)
  A bullfrog zombie (D:6)
  A centaur zombie (D:7)
  A crimson imp (D:5)
  A gnoll shaman (D:6)
  3 hounds
  13 orc wizards
  Natasha (twice) (D:2)
  An iguana (D:5)
  A statue (D:6)
  4 worker ants
  Robin (D:2)
  A worker ant zombie (D:6)
  11 gnolls
  14 adders
  3 oozes
  3 worms
  A dart slug (D:2)
  4 leopard geckos
  17 orcs
  15 giant cockroaches
  8 hobgoblins
  2 quokkas
  A ball python (D:1)
  7 bats
  2 frilled lizards
  14 goblins
  4 kobolds
  A leopard gecko zombie (D:2)
  A quokka skeleton (D:3)
  8 rats
159 creatures vanquished.

Vanquished Creatures (others)
  2 ogres (D:7)
  A bullfrog (D:7)
  2 orc priests (D:7)
  An adder (D:7)
6 creatures vanquished.

Grand Total: 165 creatures vanquished

Notes
Turn   | Place    | Note
-------+----------+-------------------------------------------
     0 | D:1      | Htamos the Halfling Hunter began the quest for the Orb.
     0 | D:1      | Reached XP level 1. HP: 14/14 MP: 1/1
   167 | D:1      | Reached skill level 6 in Slings
   296 | D:1      | Reached XP level 2. HP: 19/19 MP: 2/2
   903 | D:2      | Reached XP level 3. HP: 24/24 MP: 3/3
  1044 | D:2      | Found a glowing silver altar of Zin.
  1164 | D:2      | Noticed Natasha
  1167 | D:2      | Killed Natasha
  1167 | D:2      | Reached skill level 7 in Slings
  1167 | D:2      | Reached XP level 4. HP: 29/29 MP: 4/4
  1257 | D:2      | Noticed Natasha
  1263 | D:2      | Killed Natasha
  1407 | D:2      | Reached XP level 5. HP: 34/34 MP: 5/5
  1497 | D:2      | Noticed a moth of wrath
  1500 | D:2      | Found a bloodstained altar of Trog.
  2086 | D:3      | Reached skill level 8 in Slings
  2129 | D:3      | Found a runed door.
  2139 | D:3      | Noticed Bapho's ghost (amateur OgTm)
  2185 | D:3      | Found a transporter.
  2187 | D:3      | Found a transporter.
  2188 | D:3      | Found a stormy altar of Qazlal.
  2205 | D:3      | Noticed Robin
  2423 | D:2      | Killed Robin
  2534 | D:3      | Found a snail-covered altar of Cheibriados.
  2593 | D:3      | Found a shimmering altar of Xom.
  3081 | D:3      | Reached XP level 6. HP: 31/39 MP: 6/6
  3277 | D:3      | Killed Bapho's ghost
  3277 | D:3      | Reached skill level 9 in Slings
  3277 | D:3      | Reached XP level 7. HP: 35/44 MP: 7/7
  3406 | D:4      | Got a smoking whip
  3420 | D:4      | Reached skill level 10 in Slings
  3420 | D:4      | Reached skill level 5 in Stealth
  3437 | D:4      | Identified Sif Muna's Papyrus of Ashen Poisoning
  3451 | D:4      | Found a shattered altar of Ashenzari.
  4006 | D:4      | Found a deep blue altar of Sif Muna.
  4131 | D:4      | Reached skill level 11 in Slings
  4131 | D:4      | Reached XP level 8. HP: 39/50 MP: 8/8
  4392 | D:5      | Entered Level 5 of the Dungeon
  4676 | D:5      | Found an opulent altar of Gozag.
  5499 | D:6      | Reached skill level 12 in Slings
  5655 | D:6      | Identified the +3 whip of the Purse {flame, rN+ Str-3 Int+5} (You found it on level 4 of the Dungeon)
  5938 | D:6      | Reached XP level 9. HP: 56/56 MP: 9/9
  5981 | D:6      | Reached skill level 13 in Slings
  6454 | D:6      | Found a radiant altar of Vehumet.
  7035 | D:6      | Reached skill level 14 in Slings
  7827 | D:7      | Mangled by an orc wizard

Vault maps used:
D:1:      dpeg_arrival_refuge
D:2:      minmay_roachtagon, zin_statuary, tgw_trog, uniq_natasha
D:3:      gammafunk_temple_overflow_arena, xom_butterflies,
          nicolae_overflow_hidden_temple, hellmonk_ghost_happy_afterlife,
          uniq_robin
D:4:      nicolae_ashenzari_panopticon, kennysheep_mini_moat
D:5:      basic_altar, first_ration
D:6:      minmay_flawed_box, vehumet_statue
D:7:      tso_oasis_becter, kennysheep_little_box, lemuel_doored_altar,
          lemuel_crystal_altar, minmay_temple_entry_statues,
          xom_confusion_cloud, uniq_crazy_yiuf_cottage, uniq_menkaure

Skill      XL: |  1  2  3  4  5  6  7  8  9 |
---------------+----------------------------+-----
Slings         | 6 7 8 9 11 12 14 | 14.5
Stealth        | 2 3 4 5 6 |  6.3
Fighting       | 3 4 |  4.5
Dodging        | |  2.3

Action                   |  1- 3 |  4- 6 |  7- 9 || total
-------------------------+-------+-------+-------++-------
Melee: Short sword       |       |    16 |     6 ||    22
       Whip              |       |       |    63 ||    63
 Fire: Hunting sling     |    68 |   162 |   405 ||   635
Throw: Stone             |       |    18 |    82 ||   100
Evoke: Wand              |       |       |     3 ||     3
  Use: Scroll            |       |     7 |     1 ||     8
       Potion            |       |     2 |     9 ||    11
 Stab: Sleeping          |       |       |     2 ||     2
  Eat: Chunk             |     1 |     4 |    10 ||    15
       Ration            |       |       |     1 ||     1
Armor: Leather armour    |     3 |    19 |    37 ||    59
       Skin              |       |       |    40 ||    40
Dodge: Dodged            |     9 |    86 |   105 ||   200

Table legend:
 A = Spawn XP
 B = Non-spawn XP
 C = Spawn XP percentage of total XP
 D = Spawn monster count
 E = Non-spawn monster count
 F = Spawn count percentage of total count
 G = Total turns spent on level
                    A         B        C        D         E        F      G
               +---------+---------+-------+---------+---------+-------+---------
         Total |       0 |    3311 |   0.0 |       0 |     159 |   0.0 |  7827
               +---------+---------+-------+---------+---------+-------+---------
           D:1 |       0 |      27 |   0.0 |       0 |      19 |   0.0 |   875
           D:2 |       0 |     154 |   0.0 |       0 |      36 |   0.0 |  1239
           D:3 |       0 |     431 |   0.0 |       0 |      21 |   0.0 |  1282
           D:4 |       0 |     556 |   0.0 |       0 |      21 |   0.0 |   996
           D:5 |       0 |     362 |   0.0 |       0 |      18 |   0.0 |  1223
           D:6 |       0 |    1315 |   0.0 |       0 |      37 |   0.0 |  1672
           D:7 |       0 |     466 |   0.0 |       0 |       7 |   0.0 |   540
               +---------+---------+-------+---------+---------+-------+---------
